 Dungeon Crawl Stone Soup version 0.28-a0-1227-ga9037bb4c8 (webtiles) character file.

Game seed: 15146410625327148998

23 AlexTheAtlantean the Poker (level 2, -2/22 HPs)
             Began as a Merfolk Gladiator on Dec 22, 2021.
             Slain by a worm (4 damage)
             ... on level 2 of the Dungeon.
             The game lasted 00:03:36 (1138 turns).

AlexTheAtlantean the Poker (Merfolk Gladiator)      Turns: 1138, Time: 00:03:36

Health: -2/22      AC:  4    Str: 14    XL:     2   Next: 95%
Magic:  2/2        EV: 13    Int:  7    God:
Gold:   62         SH:  0    Dex: 15    Spells: 1/1 levels left

rFire   . . .      SeeInvis .   a - +0 trident
rCold   . . .      Faith    .   (no shield)
rNeg    . . .      Spirit   .   b - +0 leather armour
rPois   .          Reflect  .   c - +0 helmet
rElec   .          Harm     .   (no cloak)
rCorr   .          Rampage  .   (no gloves)
Will    .....                   (no boots)
Stlth   +.........              (no amulet)
HPRegen 0.07/turn               (no ring)
MPRegen 0.08/turn               (no ring)

@: brilliant
A: (nimble swimmer 2), mertail
a: no special abilities


You were on level 2 of the Dungeon.
You visited 1 branch of the dungeon, and saw 2 of its levels.

You collected 62 gold pieces.

Inventory:

Hand Weapons
 a - a +0 trident (weapon)
Missiles
 d - 3 throwing nets (quivered)
Armour
 b - a +0 leather armour (worn)
 c - a +0 helmet (worn)


   Skills:
 + Level 2.2 Fighting
 + Level 5.0 Polearms
 + Level 2.0 Throwing
 + Level 0.1 Armour
 * Level 4.7 Dodging
 + Level 0.2 Stealth


You had one spell level left.
You didn't know any spells.
Your spell library was empty.

Dungeon Overview and Level Annotations

Branches:
Dungeon (1/15)

Altars:


Innate Abilities, Weirdness & Mutations

((You are very nimble when in or above water. (Stealth+, EV+, Speed+++)))
Your lower body shifts to a powerful aquatic tail in water.


Message History

You completely miss the worm.
The worm is severely wounded.
The worm bites you.
You hit the worm but do no damage.
The worm is severely wounded.
The ball python bites you but does no damage.
The ball python barely misses you.
You hit the worm.
The worm is moderately wounded.
The ball python barely misses you. The ball python misses you.
The worm misses you. The worm bites you.
You barely miss the worm.
The worm is severely wounded.
The ball python bites you but does no damage.
The ball python misses you. The ball python bites you.
The ball python grabs you. The ball python constricts you. The worm bites you.
* * * LOW HITPOINT WARNING * * *
It was a potion of brilliance.
You feel clever all of a sudden. The worm bites you.
* * * LOW HITPOINT WARNING * * *
The ball python barely misses you. The ball python constricts you.
Throw: 3 throwing nets
Press: ? - help, Q - select action Shift-Dir - straight line, f - ball python
Aim: a ball python (constricting you, 57% to hit)
Okay, then.
As you read the scroll labelled ASHRIBB IGGAACA, it crumbles to dust.
You feel aware of your surroundings.
You sensed 1 shop/portal.
It was a scroll of magic mapping.
The ball python bites you but does no damage.
The ball python constricts you. The worm barely misses you. x2
Reach: a) +0 trident
Press: ? - help, Dir - move target, f - ball python
Aim: a ball python (constricting you, about 43% to evade your +0 trident)
You hit the ball python.
You kill the ball python!
You hit the worm.
The worm is severely wounded.
The worm bites you.
You die...

,,,,,,* *,,,,,,**,* **,** >,,,,,*
*,,,,,,**,* *,,* ,,,,,,*
*,,,,,,**,* *,,* ,,,,,,*
*,,,,,,**,* *,,**
,,,,,,******,,,,,,**,*******,,,*
,,,,,,+,,,,,,,,,,,**,,,,,,,*,*,**
,,,,,,******,*************,*,,,,,
,,,,,,***###.#####********,***,**
*****,,,,......w@#,,,,,,,*,* *,,,
*,,,,.......w#,,,,,,,*,* *,,*
*,,,,........#,,,,,,,*,* **,*
*,,,,........#,,,,,,,*,* *,,
*<,,,........+,,,,,,,*,* *,,
**,,,........#*,******,* *,,
*,,,........#*,* *,*****,
****#########*,*** *,,,,,,,
*,,,,**********,


You could see 2 worms.

Vanquished Creatures
  A dart slug (D:1)
  2 bats (D:1)
  4 goblins (D:1)
  A hobgoblin (D:1)
  3 kobolds (D:1)
  4 ball pythons
  5 rats (D:1)
20 creatures vanquished.

Notes
Turn   | Place    | Note
-------+----------+-------------------------------------------
     0 | D:1      | AlexTheAtlantean the Merfolk Gladiator began the quest for
                  | the Orb.
     0 | D:1      | Reached XP level 1. HP: 16/16 MP: 1/1
   280 | D:1      | Found a faded altar of an unknown god.
   484 | D:1      | Reached XP level 2. HP: 22/22 MP: 2/2
   860 | D:1      | Reached skill level 5 in Polearms
  1126 | D:1      | You fall into a shaft and drop 1 floor!
  1138 | D:2      | Slain by a worm

Illustrated notes

Levels and vault maps discovered:
D:1:      nagdon_arrival_zigzag_paths, layout_basic,
          shapermc_ecumenical_altar_pompeii, minmay_pentomino_o4
D:2:      layout_basic, serial_shops, shop, uniq_terence

Skill      XL: |  1  2 |
---------------+-------+-----
Polearms       | 5 |  5.0
Fighting       | |  2.2
Throwing       | |  2.0
Armour         | |  0.1
Dodging        | |  4.7
Stealth        | |  0.2

Action                   || total
-------------------------++-------
Melee: Trident           ||    65
  Use: Scroll            ||     1
       Potion            ||     1
 Stab: Sleeping          ||     1
Armor: Leather armour    ||    13
Dodge: Dodged            ||    37

Table legend: (Time is in decaauts)
 A = Elapsed time spent in this place.
 B = Non-inter-level travel time spent in this place.
 C = Inter-level travel time spent in this place.
 D = Time resting spent in this place.
 E = Time spent auto-exploring this place.
 F = Levels seen in this place.
 G = Mean time per level.
                   A        B        C        D        E       F      G
               +--------+--------+--------+--------+--------+-----+--------+
         Total |   1142 |   1142 |      0 |      0 |    966 |   2 |  571.0 |
       Dungeon |   1142 |   1142 |      0 |      0 |    966 |   2 |  571.0 |
               +--------+--------+--------+--------+--------+-----+--------+

Top non-repeatable levels by time:
     D:1: 1130 daAuts
     D:2: 12 daAuts
